 Dungeon Crawl Stone Soup version 0.25.0-9-g26727b657a (webtiles) character file.

Game seed: 5948689365414948509

32 mopl the Poker (level 3, -6/27 HPs)
             Began as a Merfolk Skald on June 18, 2020.
             Killed by nerve-wracking pain
             ... invoked by Jessica
              (13 damage)
             ... on level 1 of the Dungeon.
             The game lasted 00:01:34 (672 turns).

mopl the Poker (Merfolk Skald)                       Turns: 672, Time: 00:01:36

Health: -6/27      AC:  9    Str: 12    XL:     3   Next: 27%
Magic:  6/6        EV: 11    Int: 12    God:
Gold:   62         SH:  0    Dex: 13    Spells: 3/6 levels left

rFire    . . .     SeeInvis .   a - +0 spear
rCold    . . .     Gourm    .   (no shield)
rNeg     . . .     Faith    .   c - -1 ring mail (curse)
rPois    .         Spirit   .   (no helmet)
rElec    .         Reflect  .   e - +0 cloak
rCorr    .         Harm     .   (no gloves)
MR       .....                  (no boots)
Stlth    +.........             k - amulet of magic regeneration
HPRegen  0.09/turn              m - +4 ring of protection
MPRegen  0.35/turn              (no ring)

@: brilliant, lethally poisoned (-6 -> -15)
A: change form in water, swift swim, stealthy swim
a: no special abilities


You were on level 1 of the Dungeon.
You were not hungry.

You visited 1 branch of the dungeon, and saw 2 of its levels.

You collected 62 gold pieces.

Inventory:

Hand Weapons
 a - a +0 spear (weapon)
Missiles
 j - 8 silver javelins (quivered)
Armour
 b - a +0 leather armour
 c - a cursed -1 ring mail (worn)
 e - a +0 cloak (worn)
Jewellery
 k - an amulet of magic regeneration (around neck)
 m - a +4 ring of protection (left hand)
Scrolls
 f - 2 scrolls of remove curse {unknown}
 g - a scroll of blinking {unknown}
 l - a scroll of identify {unknown}
 p - a scroll of fear {unknown}
Potions
 n - a potion of curing {unknown}
 o - a potion of flight {unknown}
Comestibles
 d - 2 rations
 h - 5 chunks of flesh


   Skills:
 - Level 2.1 Fighting
 + Level 5.3 Polearms
 - Level 0.6 Armour
 - Level 2.6 Dodging
 - Level 2.0 Spellcasting
 - Level 3.2 Charms


You had 3 spell levels left.
You knew the following spells:

 Your Spells              Type           Power        Failure   Level  Hunger
a - Infusion              Chrm           ##..         16%         1    None
b - Song of Slaying       Chrm           ##......     24%         2    None

Your spell library contained the following spells:

 Spells                   Type           Power        Failure   Level  Hunger
 Shroud of Golubria       Chrm/Tloc      #.....       43%         2    None
 Ozocubu's Armour         Chrm/Ice       #.......     67%         3    None
 Spectral Weapon          Hex/Chrm       #.......     67%         3    None


Dungeon Overview and Level Annotations

Branches:
Dungeon (2/15)

Altars:

Annotations:
D:1 Jessica


Message History

You feel sick.
You feel sick.
You feel sick.
You feel sick.
You feel sick.
You feel sick.
You feel sick.
You feel sick.
You feel sick.
You feel sick.
You feel sick.
* * * LOW HITPOINT WARNING * * *
You feel sick.
It was a potion of brilliance.
You feel clever all of a sudden.
* * * LOW HITPOINT WARNING * * *
You feel sick. Jessica gestures at you while chanting.
Pain shoots through your body!
You die...

.......รท# #.....[..#
........#####........# ##
######...............# #.
###########.##### #.
##############.###############.
#..............................
#>(..........r..)..............
#.###....#####@###############.
#.# #....# #@# ## ###.###....#
#)############ #>.........#
#.##.........# #.......####
#.##.........# #.......####
#.##.........# #..........#
#............# #.......##.#
###..........# #.......##.####
#...........# ##########....#
###.........#


You could see Jessica and a rat.

Vanquished Creatures
  A leopard gecko (D:1)
  3 bats (D:1)
  2 giant cockroaches (D:1)
  6 hobgoblins (D:1)
  3 jackals (D:1)
  3 kobolds
  A ball python (D:1)
  A frilled lizard (D:1)
  5 goblins (D:1)
  2 rats (D:1)
27 creatures vanquished.

Notes
Turn   | Place    | Note
-------+----------+-------------------------------------------
     0 | D:1      | mopl the Merfolk Skald began the quest for the Orb.
     0 | D:1      | Reached XP level 1. HP: 16/16 MP: 3/3
   106 | D:1      | Reached skill level 4 in Polearms
   106 | D:1      | Reached XP level 2. HP: 19/22 MP: 5/5
   426 | D:1      | Reached skill level 5 in Polearms
   426 | D:1      | Reached XP level 3. HP: 17/27 MP: 6/6
   644 | D:1      | Learned a level 2 spell: Song of Slaying
   645 | D:2      | Noticed Jessica
   672 | D:1      | Killed from afar by Jessica

Illustrated notes

Levels and vault maps discovered:
D:1:      saegor_arrival_under_anarchy, layout_basic,
          hangedman_abyss_or_decor_lesser_grid
D:2:      layout_basic, vehumet_crystals, first_ration, uniq_jessica

Skill      XL: |  1  2 |
---------------+-------+-----
Polearms       | 4 5 |  5.3
Fighting       | |  2.1
Armour         | |  0.6
Dodging        | |  2.6
Spellcasting   | |  2.0
Charms         | |  3.2

Action                   || total
-------------------------++-------
Melee: Spear             ||   118
  Use: Potion            ||     1
Armor: Ring mail         ||    39
Dodge: Dodged            ||    57
